 Dungeon Crawl Stone Soup version 0.31.0-32-g396128a36d (webtiles) character file.

Game seed: 1624274948695468519

92 Rihmasto the Chopper (level 4, -2/41 HPs)
             Began as a Minotaur Berserker on Apr 1, 2024.
             Was a Believer of Trog.
             Slain by a sleepcap (7 damage)
             ... on level 4 of the Dungeon.
             The game lasted 00:08:37 (2269 turns).

Rihmasto the Chopper (Minotaur Berserker)           Turns: 2269, Time: 00:08:38

Health: -2/41      AC:  3    Str: 23    XL:     4   Next: 35%
Magic:  3/3        EV: 12    Int:  4    God:    Trog [**....]
Gold:   158        SH:  0    Dex: 10    Spells: 3/3 levels left

rFire   . . .        a - +0 hand axe
rCold   . . .        (no shield)
rNeg    . . .        e - +0 leather armour
rPois   .            (helmet restricted)
rElec   .            o - scarf {repulsion}
rCorr   .            (no gloves)
SInv    .            (no boots)
Will    .....        (no amulet)
Stlth   +            (no ring)
HPRegen 0.26/turn    (no ring)
MPRegen 0.08/turn

%: repel missiles
@: no status effects
A: horns 2, retaliatory headbutt
a: Renounce Religion, Berserk, Trog's Hand


You were on level 4 of the Dungeon.
You worshipped Trog.
Trog was pleased with you.
You visited 1 branch of the dungeon, and saw 4 of its levels.

You collected 158 gold pieces.

Inventory:

Hand Weapons
 a - a +0 hand axe (weapon)
Armour
 e - a +0 leather armour (worn)
 h - a +1 helmet
 o - a scarf of repulsion (worn)
Jewellery
 k - a ring of resist corrosion
 q - a ring of wizardry
 r - an amulet of guardian spirit
Talismans
 n - a blade talisman
Scrolls
 c - 2 scrolls of poison
 f - 2 scrolls of fog {unknown}
 g - 2 scrolls of vulnerability {unknown}
 j - a scroll of revelation {unknown}
 l - 2 scrolls of enchant weapon {unknown}
 p - 2 scrolls of teleportation {unknown}
Potions
 b - 2 potions of degeneration {unknown}
 d - 2 potions of curing {unknown}
 i - a potion of might
 m - a potion of heal wounds {unknown}
 s - a potion of resistance {unknown}


   Skills:
 + Level 4.6 Fighting
 + Level 4.8 Axes
 + Level 3.0 Armour
 + Level 2.7 Dodging
 + Level 0.4 Stealth


You had 3 spell levels left.
You didn't know any spells.
Your spell library contained the following spells:

 Spells                   Type           Power      Damage    Failure   Level
 Blink                    Tloc           0%         N/A       69%         2
 Lesser Beckoning         Tloc           0%         N/A       69%         2
 Momentum Strike          Conj/Tloc      0%         3d8       69%         2
 Gell's Gravitas          Tloc           0%         N/A       89%         3
 Teleport Other           Tloc           0%         N/A       89%         3
 Dispersal                Tloc           0%         N/A       100%        6


Dungeon Overview and Level Annotations

Branches:
Dungeon (4/15)
 Temple: D:4-7

Altars:
Nemelex Xobeh
Sif Muna


Innate Abilities, Weirdness & Mutations

You have a pair of horns on your head.
You reflexively headbutt those who attack you in melee.


Message History

You hit the bombardier beetle but do no damage.
The bombardier beetle is moderately wounded.
The bombardier beetle bites you.
You hit the bombardier beetle.
The bombardier beetle is heavily wounded.
The bombardier beetle sprays incendiary fluid at you.
The burning spray hits you.
You are covered in liquid fire!
You hit the bombardier beetle.
You punch the bombardier beetle, but do no damage.
The bombardier beetle is severely wounded.
The liquid fire burns you!
You barely miss the bombardier beetle. You headbutt the bombardier beetle.
The bombardier beetle is almost dead.
The liquid fire burns you! The bombardier beetle bites you.
You hit the bombardier beetle.
You kill the bombardier beetle!
Trog accepts your kill.
You hit the sleepcap. The liquid fire burns you!
The sleepcap releases spores at you.
You are engulfed in a cloud of soporific spores!
You fall asleep.
You wake up.
Your Armour skill increases to level 3!
You have reached level 4!
You feel agile.
You slash the sleepcap!
The sleepcap is heavily damaged.
The liquid fire burns you!
* * * LOW HITPOINT WARNING * * *
The sleepcap releases spores at you but does no damage.
You shake off some of the fire as you move.
The liquid fire burns you!
* * * LOW HITPOINT WARNING * * *
The sleepcap attacks as it pursues you! The sleepcap barely misses you.
You shake off the liquid fire.
The sleepcap attacks as it pursues you! The sleepcap releases spores at you!
You die...

.! .8 .# ##
.# #. .## .
###.[# #
#...8# #.
#f#### ##
#@####
#####.
#.##.####
#..#
#.......#
#..#
#######>#
#..# #.#
#.)##
#.#####...##
#.#.........
#.#.........
#.#.........


You could see a sleepcap.

Vanquished Creatures
  A bombardier beetle (D:4)
  2 adders
  A ribbon worm (D:2)
  A dart slug (D:3)
  3 orcs (D:3)
  3 ball pythons
  2 bats (D:1)
  4 endoplasms (D:2)
  A giant cockroach (D:1)
  A goblin (D:4)
  2 hobgoblins
  4 quokkas
  3 kobolds
  3 rats
31 creatures vanquished.

Notes
Turn   | Place    | Note
-------+----------+-------------------------------------------
     0 | D:1      | Rihmasto the Minotaur Berserker began the quest for the
                  | Orb.
     0 | D:1      | Reached XP level 1. HP: 19/19 MP: 0/0
   357 | D:1      | Reached XP level 2. HP: 27/27 MP: 1/1
   426 | D:1      | Found a faded altar of an unknown god.
   749 | D:2      | Found a sparkling altar of Nemelex Xobeh.
   981 | D:2      | Reached XP level 3. HP: 33/33 MP: 2/2
  1822 | D:3      | Reached ** piety under Trog
  1905 | D:3      | Found a shimmering blue altar of Sif Muna.
  2267 | D:4      | Reached XP level 4. HP: 13/41 MP: 3/3
  2269 | D:4      | Slain by a sleepcap

Illustrated notes

Levels and vault maps discovered:
D:1:      dpeg_arrival_yet_another_circle, layout_rooms, basic_ecumenical_altar
D:2:      layout_loops_cross, basic_altar, roderic_roman_lattice
D:3:      layout_basic, lemuel_crystal_altar
D:4:      wad_river_or_something, layout_loops_ring, zin_academy

Skill      XL: |  1  2  3 |
---------------+----------+-----
Fighting       | 4 |  4.6
Axes           | 4 |  4.8
Armour         | 3 |  3.0
Dodging        | |  2.7
Stealth        | |  0.4

Action                     |  1- 3 |  4- 6 || total
---------------------------+-------+-------++-------
  Melee: Hand axe          |    71 |     1 ||    72
         Headbutt          |     5 |       ||     5
         Punch             |     1 |       ||     1
    Use: Scroll            |     2 |       ||     2
 Armour: Animal skin       |    27 |       ||    27
         Leather armour    |    28 |     2 ||    30
  Dodge: Dodged            |    48 |     1 ||    49
         Repelled          |     1 |       ||     1
